TOP OF THE 1ST |
Atlanta (MID) Braves batting - Pitching for Great Lakes Loons : LHP Nate Tate
|
Pitching: LHP Nate Tate
|
|
Batting: RHB Toki Takeuchi
|
0-0: Ball 1-0: Ball 2-0: Called Strike 2-1: DOUBLE (Line Drive, 9LS, EV 106.2 MPH)
|
Batting: RHB Badr al Din Ridha
|
0-0: Called Strike 0-1: Ball 1-1: Called Strike 1-2: Ball 2-2: Foul Ball, location: 2F 2-2: Strikes out looking
|
Batting: SHB Richello Badua
|
0-0: Ball 1-0: Called Strike 1-1: Foul Ball, location: 2F 1-2: Ground out U3 (Groundball, 34S, EV 68.8 MPH) Toki Takeuchi to third
|
Batting: RHB Zheng-ze King
|
0-0: Called Strike 0-1: Foul Ball, location: 2F 0-2: Ground out 5-3 (Groundball, 5, EV 106.9 MPH)
|
Top of the 1st over - 0 runs, 1 hit, 0 errors, 1 left on base; Atlanta (MID) 0 - Great Lakes 0 |
BOTTOM OF THE 1ST |
Great Lakes Loons batting - Pitching for Atlanta (MID) Braves : RHP Iestyn Nicholls
|
Pitching: RHP Iestyn Nicholls
|
|
Batting: LHB Nate Kee
|
0-0: Ball 1-0: Fly out, F7 (Flyball, 7, EV 76.9 MPH)
|
Batting: LHB Tore Bosch
|
0-0: Ball 1-0: Swinging Strike 1-1: Foul Ball, location: 2F 1-2: Ball 2-2: Strikes out looking
|
Batting: LHB Jesus Ramirez
|
0-0: Called Strike 0-1: Ball 1-1: Ground out 4-3 (Groundball, 4, EV 89.4 MPH)
|
Bottom of the 1st over - 0 runs, 0 hits, 0 errors, 0 left on base; Atlanta (MID) 0 - Great Lakes 0 |
TOP OF THE 2ND |
Atlanta (MID) Braves batting - Pitching for Great Lakes Loons : LHP Nate Tate
|
Batting: LHB Oke Monti
|
0-0: Called Strike 0-1: Ball 1-1: Ball 2-1: Swinging Strike 2-2: Strikes out swinging
|
Batting: RHB Nick Holsinger
|
0-0: Ball 1-0: Called Strike 1-1: Swinging Strike 1-2: Strikes out swinging
|
Batting: RHB Gerard Michel
|
0-0: Called Strike 0-1: Foul Ball, location: 2F 0-2: Strikes out looking
|
Top of the 2nd over - 0 runs, 0 hits, 0 errors, 0 left on base; Atlanta (MID) 0 - Great Lakes 0 |
BOTTOM OF THE 2ND |
Great Lakes Loons batting - Pitching for Atlanta (MID) Braves : RHP Iestyn Nicholls
|
Batting: LHB Jim Jardine
|
0-0: Foul Ball, location: 2F 0-1: Swinging Strike 0-2: Strikes out swinging
|
Batting: RHB Javier Solis
|
0-0: Foul Ball, location: 2F 0-1: Ball 1-1: Ball 2-1: Foul Ball, location: 2F 2-2: SINGLE (Groundball, 6D, EV 107.5 MPH)
|
Batting: RHB Jason Baldwin
|
0-0: Swinging Strike 0-1: Foul Ball, location: 2F 0-2: Ball 1-2: Foul Ball, location: 2F 1-2: Fielders Choice at 2nd, 4-6 (Groundball, 34, EV 98.1 MPH)
|
Batting: RHB Justin Curran
|
0-0: Called Strike 0-1: Foul Ball, location: 2F 0-2: Ball Jason Baldwin is caught stealing 2nd base 2-4
|
Bottom of the 2nd over - 0 runs, 1 hit, 0 errors, 0 left on base; Atlanta (MID) 0 - Great Lakes 0 |
TOP OF THE 3RD |
Atlanta (MID) Braves batting - Pitching for Great Lakes Loons : LHP Nate Tate
|
Batting: RHB Armando Moz
|
0-0: Ball 1-0: Ball 2-0: Ball 3-0: Foul Ball, location: 2F 3-1: Foul Ball, location: 2F 3-2: Base on Balls
|
Batting: LHB Joe Phillips
|
0-0: Called Strike 0-1: Ball 1-1: Foul Ball, location: 2F 1-2: Ball 2-2: Ball 3-2: SINGLE (Line Drive, 78S, EV 94.4 MPH) Armando Moz to second
|
Batting: RHB Toki Takeuchi
|
0-0: Ball 1-0: Ball 2-0: Called Strike 2-1: Ball 3-1: Called Strike 3-2: Fielders Choice at 2nd, 6-4 (Groundball, 6, EV 85.6 MPH) Armando Moz to third
|
Batting: RHB Badr al Din Ridha
|
0-0: Called Strike Toki Takeuchi steals 2nd base 0-1: Called Strike 0-2: Ball 1-2: Strikes out swinging
|
Batting: SHB Richello Badua
|
0-0: Called Strike 0-1: Swinging Strike 0-2: Foul Ball, location: 2F 0-2: Foul Ball, location: 2F 0-2: Ground out 3-1 (Groundball, 34S, EV 85.0 MPH)
|
Top of the 3rd over - 0 runs, 1 hit, 0 errors, 2 left on base; Atlanta (MID) 0 - Great Lakes 0 |
BOTTOM OF THE 3RD |
Great Lakes Loons batting - Pitching for Atlanta (MID) Braves : RHP Iestyn Nicholls
|
Batting: RHB Justin Curran
|
0-0: Foul Ball, location: 2F 0-1: Ball 1-1: Ball 2-1: Ball 3-1: Foul Ball, location: 2F 3-2: Foul Ball, location: 2F 3-2: SOLO HOME RUN (Flyball, 7D, EV 94.4 MPH), Distance : 379 ft
|
Batting: RHB Trevor Conklin
|
0-0: Ground out 6-3 (Groundball, 6S, EV 89.4 MPH)
|
Batting: RHB Ruben Serrata
|
0-0: Foul Ball, location: 2F 0-1: Ball 1-1: Foul Ball, location: 2F 1-2: Ball 2-2: Strikes out swinging
|
Batting: LHB Nate Kee
|
0-0: Called Strike 0-1: SINGLE (Line Drive, 3D, EV 98.8 MPH)
|
Batting: LHB Tore Bosch
|
0-0: Ball 1-0: Called Strike 1-1: Fly out, F5 (Popup, 56S, EV 71.2 MPH)
|
Bottom of the 3rd over - 1 run, 2 hits, 0 errors, 1 left on base; Atlanta (MID) 0 - Great Lakes 1 |
TOP OF THE 4TH |
Atlanta (MID) Braves batting - Pitching for Great Lakes Loons : LHP Nate Tate
|
Batting: RHB Zheng-ze King
|
0-0: Swinging Strike 0-1: Ball 1-1: Foul Ball, location: 2F 1-2: Ball 2-2: Ball 3-2: Base on Balls
|
Batting: LHB Oke Monti
|
0-0: Ball 1-0: Ball 2-0: Ground out 4-3 (Groundball, 34S, EV 90.0 MPH) Zheng-ze King to second
|
Batting: RHB Nick Holsinger
|
0-0: Called Strike 0-1: Ball 1-1: Fly out, F9 (Line Drive, 9S, EV 93.1 MPH)
|
Batting: RHB Gerard Michel
|
0-0: Fly out, F7 (Line Drive, 7, EV 85.6 MPH)
|
Top of the 4th over - 0 runs, 0 hits, 0 errors, 1 left on base; Atlanta (MID) 0 - Great Lakes 1 |
BOTTOM OF THE 4TH |
Great Lakes Loons batting - Pitching for Atlanta (MID) Braves : RHP Iestyn Nicholls
|
Batting: LHB Jesus Ramirez
|
0-0: Ball 1-0: Foul Ball, location: 2F 1-1: Foul Ball, location: 2F 1-2: Strikes out swinging
|
Batting: LHB Jim Jardine
|
0-0: Ball 1-0: Ball 2-0: Ball 3-0: Called Strike 3-1: Called Strike 3-2: Strikes out looking
|
Batting: RHB Javier Solis
|
0-0: Ball 1-0: Foul Ball, location: 2F 1-1: Ball 2-1: Ball 3-1: Ground out 6-3 (Groundball, 6, EV 91.2 MPH)
|
Bottom of the 4th over - 0 runs, 0 hits, 0 errors, 0 left on base; Atlanta (MID) 0 - Great Lakes 1 |
TOP OF THE 5TH |
Atlanta (MID) Braves batting - Pitching for Great Lakes Loons : LHP Nate Tate
|
Batting: RHB Armando Moz
|
0-0: Ball 1-0: Ball 2-0: Swinging Strike 2-1: Swinging Strike 2-2: Foul Ball, location: 2F 2-2: Strikes out swinging
|
Batting: LHB Joe Phillips
|
0-0: Swinging Strike 0-1: Ball 1-1: Swinging Strike 1-2: Ball 2-2: Strikes out looking
|
Batting: RHB Toki Takeuchi
|
0-0: Ball 1-0: Ball 2-0: Foul Ball, location: 2F 2-1: Ground out U3 (Groundball, 34, EV 109.4 MPH)
|
Top of the 5th over - 0 runs, 0 hits, 0 errors, 0 left on base; Atlanta (MID) 0 - Great Lakes 1 |
BOTTOM OF THE 5TH |
Great Lakes Loons batting - Pitching for Atlanta (MID) Braves : RHP Iestyn Nicholls
|
Batting: RHB Jason Baldwin
|
0-0: Called Strike 0-1: SINGLE (Groundball, 6MD, EV 104.4 MPH)
|
Batting: RHB Justin Curran
|
0-0: Ball 1-0: Ball 2-0: Grounds into double play, 4-6-3 (Groundball, 4, EV 90.0 MPH)
|
Batting: RHB Trevor Conklin
|
0-0: Ground out 4-3 (Groundball, 4, EV 100.0 MPH)
|
Bottom of the 5th over - 0 runs, 1 hit, 0 errors, 0 left on base; Atlanta (MID) 0 - Great Lakes 1 |
TOP OF THE 6TH |
Atlanta (MID) Braves batting - Pitching for Great Lakes Loons : LHP Nate Tate
|
Batting: RHB Badr al Din Ridha
|
0-0: Ground out 4-3 (Groundball, 4MS, EV 76.9 MPH)
|
Batting: SHB Richello Badua
|
0-0: Swinging Strike 0-1: Swinging Strike 0-2: Ball 1-2: SINGLE (Line Drive, 4D, EV 98.8 MPH)
|
Batting: RHB Zheng-ze King
|
0-0: Called Strike 0-1: Ball 1-1: Ball 2-1: Swinging Strike 2-2: Strikes out swinging
|
Batting: LHB Oke Monti
|
0-0: DOUBLE (Line Drive, 8RXD, EV 96.2 MPH) Richello Badua to third
|
Batting: RHB Nick Holsinger
|
0-0: Called Strike 0-1: Ball 1-1: Ball 2-1: Foul Ball, location: 2F 2-2: Ball 3-2: Strikes out looking
|
Top of the 6th over - 0 runs, 2 hits, 0 errors, 2 left on base; Atlanta (MID) 0 - Great Lakes 1 |
BOTTOM OF THE 6TH |
Great Lakes Loons batting - Pitching for Atlanta (MID) Braves : RHP Iestyn Nicholls
|
Batting: RHB Ruben Serrata
|
0-0: Called Strike 0-1: Ball 1-1: Ground out 6-3 (Groundball, 56, EV 84.4 MPH)
|
Batting: LHB Nate Kee
|
0-0: Foul Ball, location: 2F 0-1: Ball 1-1: Foul Ball, location: 2F 1-2: Strikes out swinging
|
Batting: LHB Tore Bosch
|
0-0: Called Strike 0-1: Ball 1-1: Foul Ball, location: 2F 1-2: Foul Ball, location: 2F 1-2: Ball 2-2: Strikes out looking
|
Bottom of the 6th over - 0 runs, 0 hits, 0 errors, 0 left on base; Atlanta (MID) 0 - Great Lakes 1 |
TOP OF THE 7TH |
Atlanta (MID) Braves batting - Pitching for Great Lakes Loons : LHP Nate Tate
|
Now in LF: Justin Curran
|
|
Now in RF: Xavier Alaniz
|
|
Batting: RHB Gerard Michel
|
0-0: Ball 1-0: Ball 2-0: Called Strike 2-1: Called Strike 2-2: Fly out, F8 (Flyball, 78S, EV 86.9 MPH)
|
Batting: RHB Armando Moz
|
0-0: Ball 1-0: Called Strike 1-1: Ball 2-1: Ball 3-1: Foul Ball, location: 2F 3-2: Base on Balls
|
Batting: LHB Joe Phillips
|
0-0: Called Strike 0-1: Ball 1-1: Ball 2-1: Foul Ball, location: 2F 2-2: Ground out U3 (Groundball, 3, EV 87.5 MPH) Armando Moz to second
|
Batting: RHB Toki Takeuchi
|
0-0: Ball 1-0: Ground out 6-3 (Groundball, 6, EV 103.1 MPH)
|
Top of the 7th over - 0 runs, 0 hits, 0 errors, 1 left on base; Atlanta (MID) 0 - Great Lakes 1 |
BOTTOM OF THE 7TH |
Great Lakes Loons batting - Pitching for Atlanta (MID) Braves : RHP Iestyn Nicholls
|
Batting: LHB Jesus Ramirez
|
0-0: Foul Ball, location: 2F 0-1: Ground out 1-3 (Groundball, P, EV 71.9 MPH)
|
Batting: LHB Jim Jardine
|
0-0: Ball 1-0: Called Strike 1-1: Foul Ball, location: 2F 1-2: Ball 2-2: Fly out, F9 (Flyball, 89M, EV 88.8 MPH)
|
Batting: RHB Javier Solis
|
0-0: Foul Ball, location: 2F 0-1: Called Strike 0-2: Foul Ball, location: 2F 0-2: Strikes out looking
|
Bottom of the 7th over - 0 runs, 0 hits, 0 errors, 0 left on base; Atlanta (MID) 0 - Great Lakes 1 |
TOP OF THE 8TH |
Atlanta (MID) Braves batting - Pitching for Great Lakes Loons : LHP Nate Tate
|
Batting: RHB Badr al Din Ridha
|
0-0: Called Strike 0-1: Swinging Strike 0-2: Ball 1-2: Strikes out swinging
|
Batting: SHB Richello Badua
|
0-0: Ball 1-0: Fly out, F3 (Line Drive, 34, EV 70.6 MPH)
|
Batting: RHB Zheng-ze King
|
0-0: Foul Ball, location: 2F 0-1: Foul Ball, location: 2F 0-2: Ball 1-2: Ball 2-2: Strikes out swinging
|
Top of the 8th over - 0 runs, 0 hits, 0 errors, 0 left on base; Atlanta (MID) 0 - Great Lakes 1 |
BOTTOM OF THE 8TH |
Great Lakes Loons batting - Pitching for Atlanta (MID) Braves : RHP Iestyn Nicholls
|
Batting: RHB Jason Baldwin
|
0-0: Called Strike 0-1: Ball 1-1: Ball 2-1: Fly out, F8 (Flyball, 8LD, EV 90.0 MPH)
|
Batting: RHB Justin Curran
|
0-0: SOLO HOME RUN (Flyball, 89XD, EV 100.6 MPH), Distance : 396 ft
|
Pitching: LHP Justin Hawk
|
|
Batting: RHB Trevor Conklin
|
0-0: Ball 1-0: Foul Ball, location: 2F 1-1: Ball 2-1: Swinging Strike 2-2: Strikes out looking
|
Batting: RHB Ruben Serrata
|
0-0: Ball 1-0: Called Strike 1-1: Foul Ball, location: 2F 1-2: Ball 2-2: Foul Ball, location: 2F 2-2: Strikes out swinging
|
Bottom of the 8th over - 1 run, 1 hit, 0 errors, 0 left on base; Atlanta (MID) 0 - Great Lakes 2 |
TOP OF THE 9TH |
Atlanta (MID) Braves batting - Pitching for Great Lakes Loons : LHP Nate Tate
|
Pitching: RHP Adonis Loyd
|
|
Batting: LHB Oke Monti
|
0-0: Called Strike 0-1: Ground out 3-1 (Groundball, 34S, EV 86.9 MPH)
|
Batting: RHB Nick Holsinger
|
0-0: Ball 1-0: Called Strike 1-1: Called Strike 1-2: Strikes out swinging
|
Batting: RHB Gerard Michel
|
0-0: Ball 1-0: Called Strike 1-1: Swinging Strike 1-2: Ball 2-2: Fly out, F3 (Popup, 3SF, EV 83.8 MPH)
|
Top of the 9th over - 0 runs, 0 hits, 0 errors, 0 left on base; Atlanta (MID) 0 - Great Lakes 2 |
|